 Dungeon Crawl Stone Soup version 0.27.1 (webtiles) character file.

Game seed: 15993711394241880052

25 r3algoood the Stinger (level 2, -2/15 HPs)
             Began as a Deep Elf Venom Mage on Aug 31, 2021.
             Slain by a hobgoblin (4 damage)
             ... on level 1 of the Dungeon.
             The game lasted 00:02:31 (1070 turns).

r3algoood the Stinger (Deep Elf Venom Mage)         Turns: 1070, Time: 00:02:34

Health: -2/15      AC:  4    Str:  5    XL:     2   Next: 86%
Magic:  5/8        EV: 12    Int: 19    God:
Gold:   24         SH:  0    Dex: 15    Spells: 7/8 levels left

rFire    . . .     SeeInvis .   b - +0 whip
rCold    . . .     Faith    .   (no shield)
rNeg     . . .     Spirit   .   a - +0 robe
rPois    .         Reflect  .   (no helmet)
rElec    .         Harm     .   (no cloak)
rCorr    .         Rampage  .   (no gloves)
Will     .....                  d - +1 pair of boots
Stlth    ++........             (no amulet)
HPRegen  0.05/turn              (no ring)
MPRegen  0.11/turn              (no ring)

@: very slightly contaminated
A: no striking features
a: no special abilities


You were on level 1 of the Dungeon.
You visited 1 branch of the dungeon, and saw 1 of its levels.

You collected 24 gold pieces.

Inventory:

Hand Weapons
 b - a +0 whip (weapon)
Armour
 a - a +0 robe (worn)
 d - a +1 pair of boots (worn)
Scrolls
 f - a scroll of enchant weapon {unknown}
Potions
 c - a potion of lignification {unknown}
 e - a potion of invisibility {unknown}


   Skills:
 + Level 2.6 Dodging
 + Level 2.4 Stealth
 + Level 3.5 Spellcasting
 + Level 1.2 Transmutations
 + Level 4.1 Poison Magic


You had 7 spell levels left.
You knew the following spells:

 Your Spells              Type           Power      Damage    Failure   Level
a - Sting                 Tmut/Pois      52%        1d5       4%          1

Your spell library contained the following spells:

 Spells                   Type           Power      Damage    Failure   Level
 Poisonous Vapours        Pois/Air       22%        N/A       10%         2
 Mephitic Cloud           Conj/Pois/Air  8%         N/A       26%         3
 Olgreb's Toxic Radiance  Pois           18%        N/A       26%         4


Dungeon Overview and Level Annotations

Branches:
Dungeon (1/15)

Altars:


Message History

The ball python constricts you.
You escape the ball python's grasp.
A goblin comes into view. It is wielding a +2 dagger of venom.
You barely miss the hobgoblin. The hobgoblin barely misses you.
You barely miss the hobgoblin.
The hobgoblin hits you but does no damage.
The hobgoblin completely misses you.
Casting: Sting (safe; 4% risk of failure)
Confirm with . or Enter, or press ? or * to list all spells.
Aiming: Sting (safe; 4% risk of failure)
Press: ? - help, Shift-Dir - straight line, f/p - ball python
Aim: a ball python (severely wounded, poisoned, 68% to hit)
You miscast Sting.
You are very lightly contaminated with residual magic.
Nothing appears to happen.
The goblin shouts!
You kill the ball python!
A bat comes into view.
The hobgoblin hits you with a +0 dagger.
The bat moves out of view.
Unknown command.
Casting: Sting (safe; 4% risk of failure)
Confirm with . or Enter, or press ? or * to list all spells.
Aiming: Sting (safe; 4% risk of failure)
Press: ? - help, Shift-Dir - straight line, f - hobgoblin
Aim: a hobgoblin, wielding a +0 dagger (71% to hit)
The sting hits the hobgoblin but does no damage.
The hobgoblin is poisoned.
The hobgoblin hits you with a +0 dagger.
* * * LOW HITPOINT WARNING * * *
Unknown command.
Casting: Sting (safe; 4% risk of failure)
Confirm with . or Enter, or press ? or * to list all spells.
Aiming: Sting (safe; 4% risk of failure)
Press: ? - help, Shift-Dir - straight line, f/p - hobgoblin
Aim: a hobgoblin, wielding a +0 dagger (poisoned, 71% to hit)
The sting hits the hobgoblin.
The hobgoblin looks even sicker.
The hobgoblin is severely wounded.
The hobgoblin hits you with a +0 dagger.
You die...

#..........#
#..........# ..
#..........# ...
#..........###.#..
#..................
#..........###.##..
##########.#.......
#.#.g..... #@gb#
#.#.# ###.# .# .#
.# .# .#


You could see a hobgoblin (very poisoned), a goblin and a bat.

Vanquished Creatures
  A dart slug (D:1)
  3 bats (D:1)
  3 endoplasms (D:1)
  4 goblins (D:1)
  2 hobgoblins (D:1)
  2 quokkas (D:1)
  3 ball pythons (D:1)
  A frilled lizard (D:1)
19 creatures vanquished.

Notes
Turn   | Place    | Note
-------+----------+-------------------------------------------
     0 | D:1      | r3algoood the Deep Elf Venom Mage began the quest for the
                  | Orb.
     0 | D:1      | Reached XP level 1. HP: 10/10 MP: 6/6
   653 | D:1      | Reached XP level 2. HP: 12/15 MP: 8/8
   817 | D:1      | Reached skill level 4 in Poison Magic
  1070 | D:1      | Slain by a hobgoblin

Illustrated notes

Levels and vault maps discovered:
D:1:      minmay_arrival_jagged, layout_basic

Skill      XL: |  1  2 |
---------------+-------+-----
Poison Magic   | 4 |  4.1
Dodging        | |  2.6
Stealth        | |  2.4
Spellcasting   | |  3.5
Transmutations | |  1.2

Action                   || total
-------------------------++-------
Melee: Whip              ||    33
       Unarmed           ||     3
 Cast: Sting             ||    18
 Stab: Sleeping          ||     1
Armor: Robe              ||    19
Dodge: Dodged            ||    33
